 Dungeon Crawl Stone Soup version 0.30-a0-219-gf2db51d15e (webtiles) character file.

Game seed: 14938733682261213728

1976 Flugkiller the Martial Artist (level 9, -1/74 HPs)
             Began as a Meteoran Chaos Knight on Oct 6, 2022.
             Was a Plaything of Xom.
             Slain by Erica
             ... wielding a +3 scimitar of flaming
              (15 damage)
             ... on level 8 of the Dungeon.
             The game lasted 00:12:00 (3296 turns).

Flugkiller the Martial Artist (MeCK)                Turns: 3296, Time: 00:12:00

Health: -1/74      AC:  8    Str: 16    XL:     9   Next: 71%
Magic:  13/13      EV: 15    Int: 13    God:    Xom [*.....]
Gold:   303        SH:  0    Dex: 17    Spells: 9/12 levels left

rFire   . . .      SeeInvis .      - Unarmed
rCold   + . .      Faith    .    (no shield)
rNeg    . . .      Spirit   .    a - +3 leather armour
rPois   .          Reflect  .    (no helmet)
rElec   .          Harm     .    z - +1 cloak {rCorr}
rCorr   +          Rampage  .    (no gloves)
Will    +....                    (no boots)
Stlth   +.........               (no amulet)
HPRegen 0.32/turn                x - ring of resist corrosion
MPRegen 0.13/turn                p - ring of protection from cold

@: about to teleport, glowing
A: sense surroundings 2, otherworldly, glowing, explore regen
a: Renounce Religion


You were on level 8 of the Dungeon.
You worshipped Xom.
You were a special plaything of Xom.
You visited 1 branch of the dungeon, and saw 8 of its levels.

You collected 303 gold pieces.

Inventory:

Missiles
 l - 7 poisoned darts (quivered)
 u - 8 boomerangs
Armour
 a - a +3 leather armour (worn)
 j - a +0 plate armour
   (You found it on level 2 of the Dungeon)
 m - +0 steam dragon scales
   (You took it off Maggie on level 6 of the Dungeon)
 z - a +1 cloak of preservation (worn)
   (You took it off Crazy Yiuf on level 6 of the Dungeon)
 C - a +2 leather armour of fire resistance
   (You took it off an orc on level 7 of the Dungeon)
Magical Staves
 y - a staff of cold
   (You found it on level 6 of the Dungeon)
Jewellery
 p - a ring of protection from cold (right hand)
   (You found it on level 7 of the Dungeon)
 x - a ring of resist corrosion (left hand)
   (You found it on level 4 of the Dungeon)
Wands
 E - a wand of digging (4)
   (You found it on level 7 of the Dungeon)
Scrolls
 c - a scroll of enchant weapon
 e - a scroll of magic mapping
 i - a scroll of poison
 k - a scroll of immolation
 o - a scroll of fog {unknown}
 r - a scroll of amnesia {unknown}
 s - a scroll of vulnerability {unknown}
 t - a scroll of teleportation
 v - 2 scrolls of enchant armour
Potions
 d - a potion of might
 f - 3 potions of mutation
 g - a potion of brilliance {unknown}
 h - a potion of attraction
 n - 2 potions of ambrosia
 q - a potion of curing
 w - a potion of invisibility {unknown}
 A - a potion of haste {unknown}
 B - a potion of lignification {unknown}
 D - a potion of degeneration {unknown}
Miscellaneous
 b - a piece from Xom's chessboard (14/15)


   Skills:
 - Level 5.0 Fighting
 - Level 2.4 Armour
 - Level 6.0 Dodging
 + Level 12.0 Unarmed Combat
 + Level 2.1 Spellcasting
 + Level 1.9 Ice Magic


You had 9 spell levels left.
You knew the following spells:

 Your Spells              Type           Power      Damage    Failure   Level
a - Ozocubu's Armour      Ice            6%         N/A       36%         3

Your spell library contained the following spells:

 Spells                   Type           Power      Damage    Failure   Level
 Ozocubu's Refrigeration  Ice            3%         4d8       100%        7


Dungeon Overview and Level Annotations

Branches:
Dungeon (8/15) Zot: 1559   Temple (0/1) D:5
   Lair: D:8-11

Altars:
Dithmenos
Nemelex Xobeh
Qazlal
Xom
Zin
The Shining One

Annotations:
D:8 Erica


Innate Abilities, Weirdness & Mutations

You passively map the area around you.
You are easily found by Zot.
You glow in the dark.
You regain HP and MP as you explore.


Message History

You punch the orc!
You kill the orc!
No target in view!
Things that are here:
a +0 whip; an orc corpse
As you read the scroll of identify, it crumbles to dust.
n - 2 potions of ambrosia
Found a scroll of teleportation.
Found a scroll labelled COSAYRPH ENAIT.
t - 2 scrolls of teleportation (gained 1)
r - a scroll labelled COSAYRPH ENAIT "There, this looks better."
You are now a special plaything of Xom.
Found a ring mail. "Where it stops, nobody knows!"
Your surroundings suddenly seem different.
You open the door.
There is an open door here.
Found a bronze wand.
Found a stone staircase leading down.
E - a wand of digging (4)
You open the door. "Fight to survive, mortal."
There is an open door here.
You punch the necrophage!
The necrophage is heavily damaged.
You hit the necrophage.
The necrophage is severely damaged.
The necrophage hits you.
The bullfrog hits you but does no damage.
You barely miss the necrophage.
The necrophage is severely damaged.
The bullfrog hits you but does no damage.
The jelly closely misses you. The necrophage closely misses you.
You punch the necrophage!
You destroy the necrophage!
The necrophage's corpse disappears in a puff of smoke!
The bullfrog barely misses you. The jelly misses you.
The bullfrog attacks as you move away!
The bullfrog hits you but does no damage.
The bullfrog completely misses you.
You punch the bullfrog! You punch the bullfrog.
The bullfrog is heavily wounded.
The bullfrog hits you!
The bullfrog hits you but does no damage.
You punch the bullfrog!
You kill the bullfrog!
The bullfrog's corpse disappears in a puff of smoke!
The jelly hits you but does no damage.
You punch the jelly!
Your hands burn!
The jelly is heavily wounded.
The jelly barely misses you.
You punch the jelly!
You kill the jelly!
The jelly disappears in a puff of smoke!
No target in view!
There is a stone staircase leading down here.
You climb downwards.
The orc wizard shouts!
The orc shouts! x2
Found a scroll of enchant armour.
Found a stone staircase leading down.
There is a stone staircase leading up here.
Unknown command.
Erica the Fiery-Tempered comes into view.
She is wielding a +3 scimitar of flaming.
Erica shouts!
Erica screams, "Die!"
The orc hits you but does no damage.
Erica gestures wildly while chanting.
Erica flickers and vanishes!
Deactivating autopickup; reactivate with Ctrl-A.
The orc attacks as you move away! The orc barely misses you.
The orc attacks as you move away! The orc barely misses you.
The orc attacks as you move away! The orc closely misses you.
The orc hits you but does no damage.
An orc breaks down the door.
The orc hits you with a +0 hand axe.
Found a shadowy altar of Dithmenos.
The orc wizard mumbles some strange words.
The orc wizard flickers and vanishes!
The orc hits you with a +0 hand axe. The orc barely misses you.
The orc closely misses you.
Okay, then.
You miss something. You hit something but do no damage.
You closely miss something. You punch something.
You hear some strange, mumbled words.
A puff of flame appears from out of thin air!
The puff of flame hits you.
You miss something. Something hits you.
You hit something. You closely miss something. Something closely misses you.
You hear some strange, mumbled words.
A lance of force appears from out of thin air!
The lance of force hits you!!
You are knocked back by the lance of force.
You slam into the rock wall!
* * * LOW HITPOINT WARNING * * *
As you read the scroll of teleportation, it crumbles to dust.
You feel strangely unstable. Something hits you.
* * * LOW HITPOINT WARNING * * *
Something hits you!
You die...

* ~ * ,* *~ *⌠ *, *
~ ~ * * , , , , * ,
,############ + *,
# #......o{@.# ,
#.#.#####'##{# *
*~, #.#.#<#.+_ ,o..
~ ~* #>......#+
,..... * ,
##..#......######≈≈
* * #..#......#* **
., * , #?........+
,,, ##.#......# , *
* #.##.....# * , ,


You could see 2 orcs.

Vanquished Creatures
  Menkaure (D:6)
  A water moccasin (D:6)
  A sky beast (D:6)
  2 black bears
  2 phantoms (D:7)
  4 scorpions (D:5)
  A wight (D:7)
  2 hounds
  Crazy Yiuf (D:6)
  A gnoll bouda (D:6)
  2 iguanas
  A jelly (D:6)
  An orc wizard (D:7)
  9 gnolls
  7 adders
  3 white imps
  3 worms
  2 dart slugs
  13 orcs
  8 ball pythons
  6 bats
  6 endoplasms
  3 giant cockroaches
  11 goblins
  4 hobgoblins
  6 jackals
  7 kobolds
  2 quokkas
  3 frilled lizards (D:1)
  2 rats
115 creatures vanquished.

Vanquished Creatures (collateral kills)
  Maggie (D:6)
  Sigmund (D:6)
  2 wights (D:7)
  An iguana (D:4)
  3 orcs (D:7)
8 creatures vanquished.

Grand Total: 123 creatures vanquished

Notes
Turn   | Place    | Note
-------+----------+-------------------------------------------
     0 | D:1      | Flugkiller the Meteoran Chaos Knight began the quest for
                  | the Orb.
     0 | D:1      | Reached XP level 1. HP: 19/19 MP: 2/2
    36 | D:1      | XOM: divination: detect items
    63 | D:1      | Reached skill level 4 in Unarmed Combat
    63 | D:1      | Reached XP level 2. HP: 25/26 MP: 3/3
   120 | D:1      | XOM: potion effect (berserk rage)
   272 | D:1      | Reached XP level 3. HP: 31/31 MP: 4/4
   405 | D:1      | Reached skill level 5 in Unarmed Combat
   535 | D:2      | XOM: divination: detect creatures
   721 | D:2      | XOM: divination: detect creatures
   736 | D:2      | XOM: scenery: create altars
   743 | D:2      | Reached XP level 4. HP: 25/38 MP: 5/5
   826 | D:2      | Reached skill level 6 in Unarmed Combat
   968 | D:3      | Reached XP level 5. HP: 31/45 MP: 6/6
  1327 | D:4      | HP: 1/45 [gnoll/+0 vampiric halberd (2)]
  1400 | D:4      | Reached skill level 7 in Unarmed Combat
  1428 | D:4      | Noticed an ogre
  1428 | D:4      | an ogre changed into a worm
  1428 | D:4      | XOM: polymorph ogre -> worm
  1429 | D:4      | Noticed a black bear
  1437 | D:4      | XOM: fog
  1444 | D:4      | Killed a black bear
  1445 | D:4      | Reached XP level 6. HP: 36/51 MP: 7/7
  1447 | D:4      | Reached skill level 8 in Unarmed Combat
  1603 | D:4      | XOM: summons friendly shadow imp
  1693 | D:5      | Entered Level 5 of the Dungeon
  1695 | D:5      | Found a shimmering altar of Xom.
  1695 | D:5      | Found a glowing silver altar of Zin.
  1695 | D:5      | Noticed an angel
  1741 | D:5      | XOM: scenery: 1 doors close
  1750 | D:5      | Reached XP level 7. HP: 44/57 MP: 8/8
  1763 | D:5      | Found a glowing golden altar of the Shining One.
  1763 | D:5      | Found a staircase to the Ecumenical Temple.
  1785 | D:5      | Reached skill level 9 in Unarmed Combat
  1873 | D:5      | XOM: god gift: 59 gold pieces
  1940 | D:5      | Found a stormy altar of Qazlal.
  1962 | D:5      | Noticed a shadow
  2013 | D:5      | Found a sparkling altar of Nemelex Xobeh.
  2040 | D:5      | Reached skill level 10 in Unarmed Combat
  2040 | D:5      | Reached XP level 8. HP: 63/63 MP: 9/9
  2159 | D:6      | Found a runed translucent door.
  2159 | D:6      | Noticed Maggie
  2159 | D:6      | Noticed Sigmund
  2163 | D:6      | Killed Sigmund
  2165 | D:6      | Killed Maggie
  2219 | D:6      | Reached skill level 5 in Fighting
  2219 | D:6      | Gained mutation: You passively map the area around you.
                  | [Meteoran growth]
  2219 | D:6      | Reached XP level 9. HP: 60/74 MP: 10/10
  2281 | D:6      | XOM: summons friendly shadow imp
  2285 | D:6      | Reached skill level 11 in Unarmed Combat
  2336 | D:6      | Noticed Menkaure
  2503 | D:6      | Noticed Crazy Yiuf
  2509 | D:6      | Killed Crazy Yiuf
  2510 | D:6      | Reached skill level 5 in Dodging
  2655 | D:6      | Killed Menkaure
  2745 | D:6      | XOM: cast spell 'Necromutation'
  2819 | D:7      | Learned a level 3 spell: Ozocubu's Armour
  2863 | D:7      | Reached skill level 1 in Spellcasting
  2871 | D:7      | Reached skill level 1 in Ice Magic
  2946 | D:7      | Reached skill level 12 in Unarmed Combat
  3099 | D:7      | XOM: scenery: create altars
  3115 | D:7      | XOM: 1-stop teleportation journey
  3200 | D:7      | XOM: summons 3 hostile shadow creatures
  3270 | D:8      | Noticed Erica
  3284 | D:8      | Found a shadowy altar of Dithmenos.
  3296 | D:8      | Slain by Erica

Illustrated notes

Levels and vault maps discovered:
D:1:      dpeg_arrival_snail, layout_loops_corners, minmay_lizard_pond
D:2:      layout_loops_ring, serial_shops, shop
D:3:      layout_rooms, minmay_puff
D:4:      cheibrodos_quashed, layout_loops_ring
D:5:      layout_basic, grunt_temple_overflow_order_and_chaos_1,
          mainiacjoe_overflow_cross_hatched, lemuel_tele_altar,
          mainiacjoe_overflow_paths, minmay_temple_entry_statues_pillars,
          grunt_ministairs_4, lightli_corner_chamber
D:6:      lemuel_ice_spiral_2, layout_basic, uniq_maggie,
          uniq_crazy_yiuf_cottage, uniq_menkaure, uniq_sigmund
D:7:      layout_basic
D:8:      layout_basic, lemuel_crystal_altar, lightli_temple_of_fire,
          kennysheep_mini, lemuel_blue_sif_altar, minmay_orc_keep, uniq_erica,
          uniq_maurice

Skill      XL: |  1  2  3  4  5  6  7  8  9 |
---------------+----------------------------+-----
Unarmed Combat | 4 5 6 7 8 10 12 | 12.0
Dodging        | 4 6 |  6.0
Fighting       | 5 |  5.0
Spellcasting   | 2 |  2.1
Ice Magic      | 1 |  1.9
Armour         | |  2.4

Action                   |  1- 3 |  4- 6 |  7- 9 || total
-------------------------+-------+-------+-------++-------
Melee: Unarmed           |   104 |   162 |   184 ||   450
       Punch             |     2 |     8 |    11 ||    21
Throw: Dart              |       |     5 |       ||     5
Evoke: Piece from Xom's  |       |     1 |     2 ||     3
  Use: Scroll            |       |     8 |     6 ||    14
       Potion            |       |     1 |     2 ||     3
 Stab: Distracted        |       |     1 |       ||     1
Armor: Leather armour    |    51 |    48 |    53 ||   152
       Steam dragon scal |       |       |     6 ||     6
Dodge: Dodged            |    54 |    63 |    93 ||   210

Table legend: (Time is in decaauts)
 A = Elapsed time spent in this place.
 B = Non-inter-level travel time spent in this place.
 C = Inter-level travel time spent in this place.
 D = Time resting spent in this place.
 E = Time spent auto-exploring this place.
 F = Levels seen in this place.
 G = Mean time per level.
                   A        B        C        D        E       F      G
               +--------+--------+--------+--------+--------+-----+--------+
         Total |   3239 |   2912 |    327 |      0 |      0 |   8 |  404.9 |
       Dungeon |   3239 |   2912 |    327 |      0 |      0 |   8 |  404.9 |
               +--------+--------+--------+--------+--------+-----+--------+

Top non-repeatable levels by time:
     D:6: 628 daAuts
     D:7: 481 daAuts
     D:1: 459 daAuts
     D:5: 427 daAuts
     D:2: 416 daAuts
     D:4: 405 daAuts
     D:3: 395 daAuts
     D:8: 25 daAuts
